 Dungeon Crawl Stone Soup version 0.31.0-11-ge490571c62 (webtiles) character file.

Game seed: 9404174793638408059

270 Minsecho the Apothecary (level 6, -4/42 HPs)
             Began as a Formicid Alchemist on Feb 7, 2024.
             Was a Believer of Zin.
             Splashed by a jelly's acid (9 damage)
             ... on level 4 of the Dungeon.
             The game lasted 00:10:09 (3616 turns).

Minsecho the Apothecary (Formicid Alchemist)        Turns: 3616, Time: 00:10:09

Health: -4/42      AC: -11   Str: 14    XL:     6   Next: 46%
Magic:  8/11       EV: 12    Int: 15    God:    Zin [**....]
Gold:   82         SH:  0    Dex: 14    Spells: 3/11 levels left

rFire   . . .        n - +0 long sword
rCold   . . .        (no shield)
rNeg    . . .        t - +0 leather armour
rPois   .            (helmet unavailable)
rElec   .            (no cloak)
rCorr   .            s - +0 pair of gloves
SInv    +            (no boots)
Will    .....        (no amulet)
Stlth   ++           (no ring)
HPRegen 0.27/turn    (no ring)
MPRegen 0.12/turn

%: no passive effects
@: corroded
A: permanent stasis, dig shafts and tunnels, antennae 3, four strong arms
a: Dig, Shaft Self, Renounce Religion, Recite, Vitalisation, Donate Gold


You were on level 4 of the Dungeon.
You worshipped Zin.
Zin was pleased with you.
You visited 1 branch of the dungeon, and saw 4 of its levels.

You collected 138 gold pieces.
You donated 56 gold pieces to Zin.

Inventory:

Hand Weapons
 k - a +2 short sword of speed
 n - a +0 long sword (weapon)
 r - a +2 antimagic hand axe
Missiles
 q - 6 javelins
Armour
 a - a +0 robe
 s - a +0 pair of gloves (worn)
 t - a +0 leather armour (worn)
Talismans
 f - a flux talisman
Scrolls
 d - 3 scrolls of revelation {unknown}
 e - a scroll of teleportation {unknown}
 l - a scroll of immolation {unknown}
 m - a scroll of amnesia {unknown}
 o - a scroll of silence {unknown}
 p - a scroll of fear {unknown}
 u - a scroll of enchant armour {unknown}
Potions
 b - 2 potions of magic
 c - 2 potions of lignification
 g - a potion of degeneration {unknown}
 h - 2 potions of invisibility {unknown}
 i - a potion of curing
 j - a potion of ambrosia {unknown}


   Skills:
 + Level 0.6 Fighting
 + Level 1.4 Long Blades
 * Level 0.2 Armour
 + Level 2.0 Dodging
 - Level 3.3 Stealth
 + Level 3.3 Spellcasting
 + Level 1.9 Conjurations
 * Level 6.0 Alchemy
 * Level 2.1 Invocations


You had 3 spell levels left.
You knew the following spells:

 Your Spells              Type           Power      Damage    Failure   Level
a - Sting                 Conj/Alch      56%        1d6       4%          1
b - Mephitic Cloud        Conj/Alch/Air  10%        N/A       24%         3
d - Olgreb's Toxic Radia  Alch           20%        N/A       21%         4

Your spell library contained the following spells:

 Spells                   Type           Power      Damage    Failure   Level
 Magic Dart               Conj           32%        1d4       11%         1
 Mercury Vapours          Alch/Air       22%        N/A       11%         2
 Call Imp                 Summ           4%         N/A       36%         2
 Volatile Blastmotes      Fire/Tloc      4%         2d10      58%         3
 Fulminant Prism          Conj/Alch      7%         3d7       43%         4
 Sticky Flame             Fire/Alch      11%        2d5       56%         4
 Iskenderun's Mystic Bla  Conj/Tloc      5%         2d3       86%         4
 Blink                    Tloc           Unusable   N/A       N/A         2

Dungeon Overview and Level Annotations

Branches:
Dungeon (4/15)
 Temple: D:4-7

Altars:
Zin


Innate Abilities, Weirdness & Mutations

You cannot be hasted, slowed, berserked, paralysed or teleported.
You can dig through walls and to a lower floor.
You have a pair of large antennae on your head. (SInv)
Your four strong arms can wield two-handed weapons with a shield.


Message History

Press: ? - help, Q - select action, (/) - cycle Shift-Dir - straight line, f/p - jelly
Aim: a jelly (lightly wounded, poisoned, 100% to hit)
The sting hits the jelly.
The jelly looks even sicker.
The jelly is lightly wounded.
Unknown command.
You hit the jelly. The acid corrodes you!
Your hands burn!
The jelly is moderately wounded.
The jelly hits you. The acid corrodes you!
You are splashed with acid!
The jelly attacks as it pursues you! The jelly completely misses you.
You see here a +0 flail.
Things that are here:
a +0 mace; an orc corpse
Aiming: Sting (safe; 4% risk of failure)
Press: ? - help, Q - select action, (/) - cycle Shift-Dir - straight line, f/p - jelly
Aim: a jelly (moderately wounded, very poisoned, 100% to hit)
The sting hits the jelly.
The jelly partially resists.
The jelly is heavily wounded.
The jelly hits you.
You are splashed with acid!
The jelly attacks as it pursues you! The jelly misses you.
You see here a howler monkey corpse.
Okay, then.
It was a potion of curing.
You feel better. The jelly hits you. The acid corrodes you!
You are splashed with acid!
Aiming: Sting (safe; 4% risk of failure)
Press: ? - help, Q - select action, (/) - cycle Shift-Dir - straight line, f/p - jelly
Aim: a jelly (heavily wounded, poisoned, 100% to hit)
The sting hits the jelly.
The jelly partially resists.
The jelly looks even sicker.
The jelly is heavily wounded.
The jelly hits you.
You are splashed with acid!
* * * LOW HITPOINT WARNING * * *
You feel better. The jelly hits you. The acid corrodes you!
You are splashed with acid!
* * * LOW HITPOINT WARNING * * *
It was a potion of lignification.
Zin protects your body from unnatural transformation!
You feel woody for a moment. The jelly hits you.
* * * LOW HITPOINT WARNING * * *
The acid corrodes you!
You are splashed with acid!
You die...

#...#
#######.?.# ..##
..........# ...#
.......)..#....#
.......)..#....#
....###.####...
....###†####.##
... #..J......#
.. #..@......#
#.........#
#.......<.#
###.####.####
#.###.####.#..#
#..)...)......#
#.............#
+.......##...##
#..###..##...##


You could see a jelly (very poisoned).

Vanquished Creatures
  A scorpion (D:4)
  A howler monkey (D:4)
  An iguana (D:3)
  3 gnolls (D:3)
  2 adders (D:3)
  A shadow imp (D:3)
  3 ribbon worms
  8 orcs
  8 ball pythons
  8 endoplasms
  A giant cockroach (D:2)
  4 goblins
  8 hobgoblins
  2 jackals (D:3)
  8 kobolds
  4 quokkas
  8 bats
  4 frilled lizards
  7 rats
82 creatures vanquished.

Notes
Turn   | Place    | Note
-------+----------+-------------------------------------------
     0 | D:1      | Minsecho the Formicid Alchemist began the quest for the
                  | Orb.
     0 | D:1      | Reached XP level 1. HP: 13/13 MP: 3/3
    21 | D:1      | Reached skill level 1 in Conjurations
   127 | D:1      | Reached XP level 2. HP: 13/19 MP: 1/5
   634 | D:1      | Found a faded altar of an unknown god.
   642 | D:1      | Prayed at the altar of an unknown god.
   642 | D:1      | Became a worshipper of Zin the Law-Giver
   642 | D:1      | Reached * piety under Zin
   739 | D:1      | Reached XP level 3. HP: 23/24 MP: 4/6
  1177 | D:2      | Reached skill level 5 in Alchemy
  1269 | D:2      | Learned a level 3 spell: Mephitic Cloud
  1680 | D:2      | Reached XP level 4. HP: 30/30 MP: 4/8
  1791 | D:2      | Reached ** piety under Zin
  2092 | D:3      | Reached skill level 1 in Invocations
  2102 | D:3      | Donated 43 gold pieces to Zin
  2350 | D:3      | Learned a level 4 spell: Olgreb's Toxic Radiance
  2556 | D:3      | Reached XP level 5. HP: 34/35 MP: 7/9
  2963 | D:3      | Reached skill level 1 in Long Blades
  3472 | D:4      | Reached XP level 6. HP: 34/42 MP: 4/10
  3535 | D:4      | Reached skill level 6 in Alchemy
  3616 | D:4      | Splashed by a jelly's acid

Illustrated notes

Levels and vault maps discovered:
D:1:      erik_arrival_blinker_ship, layout_basic,
          hellmonk_ecumenical_altar_crossroads
D:2:      layout_loops_cross
D:3:      layout_loops_corners
D:4:      layout_gridville, overflow_temple_1_default

Skill      XL: |  1  2  3  4  5  6 |
---------------+-------------------+-----
Conjurations   | 1 |  1.9
Alchemy        | 5 6 |  6.0
Invocations    | 1 2 |  2.1
Stealth        | 3 |  3.3
Spellcasting   | 3 |  3.3
Long Blades    | 1 |  1.4
Dodging        | 2 |  2.0
Fighting       | |  0.6
Armour         | |  0.2

Action                     |  1- 3 |  4- 6 || total
---------------------------+-------+-------++-------
  Melee: Unarmed           |    23 |       ||    23
         Short sword       |    21 |       ||    21
         Long sword        |       |    70 ||    70
         Punch             |       |     1 ||     1
   Cast: Sting             |    58 |    49 ||   107
         Olgreb's Toxic Ra |       |     2 ||     2
 Invoke: Donate Gold       |       |     1 ||     1
    Use: Potion            |       |     3 ||     3
   Stab: Sleeping          |     3 |     4 ||     7
 Armour: Robe              |    17 |    59 ||    76
         Leather armour    |       |     6 ||     6
  Dodge: Dodged            |    19 |    64 ||    83
